 Dungeon Crawl Stone Soup version 0.27.0-1-g7a089689b8 (webtiles) character file.

Game seed: 14306283102963263343

13439 Crownlay the Fighter (level 11, -18/148 HPs)
             Began as a Minotaur Berserker on Aug 12, 2021.
             Was an Elder of Trog.
             Demolished by a minotaur (29 damage)
             ... in a Gauntlet.
             The game lasted 00:34:45 (15034 turns).

Crownlay the Fighter (Minotaur Berserker)          Turns: 15034, Time: 00:34:46

Health: -18/148    AC: 13    Str: 27    XL:     11   Next: 75%
Magic:  10/10      EV: 14    Int:  4    God:    Trog [****..]
Gold:   433        SH:  0    Dex: 16    Spells: 10/10 levels left

rFire    + . .     SeeInvis .   M - +8 scimitar of Duty {freeze, rElec rC- Str+2}
rCold    x . .     Faith    .   (no shield)
rNeg     . . .     Spirit   .   v - +2 ring mail {rF+}
rPois    .         Reflect  .   (helmet restricted)
rElec    +         Harm     .   A - +0 cloak
rCorr    .         Rampage  .   d - +0 pair of gloves
Will     ++...     NoTele   +   u - +0 pair of boots
Stlth    ..........             (no amulet)
HPRegen  1.34/turn              y - +6 ring of dexterity
MPRegen  0.12/turn              (no ring)

@: berserking (expiring), strong-willed, regenerating, very quick
A: horns 2, retaliatory headbutt
a: Renounce Religion, Berserk, Trog's Hand, Brothers in Arms


You were in a Gauntlet.
You worshipped Trog.
Trog was greatly pleased with you.
You visited 1 branch of the dungeon, and saw 12 of its levels.
You also visited: Sewer, Bailey and Gauntlet.

You collected 689 gold pieces.
You spent 256 gold pieces at shops.

Inventory:

Hand Weapons
 C - a +3 war axe
 D - the +9 flail of Rurhof {speed, rN+ Will++ Dex-2 SInv}
   (You found it on level 8 of the Dungeon)

   Attacks with this weapon are significantly faster.
   Dex:       It affects your dexterity (-2).
   rN:        It protects you from negative energy.
   SInv:      It lets you see invisible.
   Will:      It greatly increases your willpower.
 M - the +8 scimitar of Duty (weapon) {freeze, rElec rC- Str+2}
   (You found it in a Gauntlet)

   It freezes those it strikes, dealing additional cold damage.
   It can also slow down cold-blooded creatures.
   Str:       It affects your strength (+2).
   rC:        It makes you vulnerable to cold.
   rElec:     It insulates you from electricity.
Missiles
 a - a curare-tipped dart
 t - 47 poisoned darts
 w - 12 throwing nets
 x - 4 javelins (quivered)
 E - 6 silver boomerangs
Armour
 d - a +0 pair of gloves (worn)
 u - a +0 pair of boots (worn)
 v - a +2 ring mail of fire resistance (worn)
 A - a +0 cloak (worn)
 J - the +1 pair of gloves of the Other World {-Tele rPois SInv}
   (You found it in a Gauntlet)

   rPois:     It protects you from poison.
   SInv:      It lets you see invisible.
   -Tele:     It prevents most forms of teleportation.
Jewellery
 y - a +6 ring of dexterity (left hand)
Wands
 n - a wand of polymorph (7)
 B - a wand of charming (14)
 G - a wand of flame (22)
Scrolls
 f - 7 scrolls of teleportation
 k - a scroll of immolation
 m - 2 scrolls of enchant armour
 o - 2 scrolls of magic mapping
 q - 4 scrolls of enchant weapon
 s - 2 scrolls of noise
 F - a scroll of blinking
 K - a scroll of fog {unknown}
Potions
 b - 2 potions of attraction
 c - 5 potions of flight
 e - 2 potions of mutation
 g - 7 potions of heal wounds
 h - 2 potions of resistance
 i - 3 potions of invisibility {unknown}
 j - 5 potions of curing
 l - a potion of lignification {unknown}
 p - 2 potions of haste
 r - 2 potions of magic {unknown}
 z - a potion of experience {unknown}
 H - 2 potions of degeneration {unknown}
 I - a potion of might {unknown}
Miscellaneous
 L - a phial of floods


   Skills:
 - Level 10.0 Fighting
 - Level 3.6 Long Blades
 - Level 10.0 Throwing
 - Level 10.0 Armour
 * Level 5.7 Dodging
 - Level 10.0 Evocations


You had 10 spell levels left.
You didn't know any spells.
Your spell library was empty.

Dungeon Overview and Level Annotations

Branches:
Dungeon (12/15)            Temple (0/1) D:4            Lair (0/6) D:10
    Orc (0/2) D:12          Sewer (visited)          Bailey (visited)
Gauntlet (1/1)

Altars:
Cheibriados
Gozag
Kikubaaqudgha
Sif Muna
Trog
Vehumet
Xom
The Shining One

Shops:
D:5 *   D:7 [   D:9 *

Annotations:
Gauntlet 12 transporters, 21 runed translucent doors


Innate Abilities, Weirdness & Mutations

You have a pair of horns on your head.
You reflexively headbutt those who attack you in melee.


Message History

There is a transporter here.
You enter the transporter and appear at another place.
A minotaur comes into view.
It is wielding the +7 great mace of Inquiry {speed, Int+7} and wearing a +0 plate armour of fire resistance.
The minotaur bellows!
The minotaur moves out of view.
You don't know any spells.
Your skin crawls.
You feel strong-willed.
The minotaur hits you with the +7 great mace of Inquiry {speed, Int+7}!!
The minotaur misses you.
The minotaur hits you with the +7 great mace of Inquiry {speed, Int+7}.
The minotaur gores you.
A red film seems to cover your vision as you go berserk!
You feel yourself moving faster!
You feel mighty!
The minotaur hits you with the +7 great mace of Inquiry {speed, Int+7}!!
The minotaur gores you.
You slash the minotaur! You freeze the minotaur.
Your headbutt misses the minotaur.
The minotaur is lightly wounded.
The minotaur hits you with the +7 great mace of Inquiry {speed, Int+7}!!
* * * LOW HITPOINT WARNING * * *
The minotaur gores you but does no damage.
The minotaur hits you with the +7 great mace of Inquiry {speed, Int+7}!!
* * * LOW HITPOINT WARNING * * *
The minotaur misses you.
You are too berserk!
You slash the minotaur! You freeze the minotaur.
The minotaur is moderately wounded.
The minotaur misses you.
The minotaur gores you but does no damage.
You slash the minotaur! You freeze the minotaur.
Your headbutt misses the minotaur.
The minotaur is heavily wounded.
The minotaur hits you but does no damage.
The minotaur gores you.
* * * LOW HITPOINT WARNING * * *
You hit the minotaur but do no damage.
The minotaur is heavily wounded.
The minotaur hits you with the +7 great mace of Inquiry {speed, Int+7}!!
You die...

.###########.###########.########
.................................
...........≈∩≈...................
#################################
#8##≈...............≈##8# #8# #8#
####8..©.©.©.©.©.©..8#### ### ###
#≈...............§#
###.#.#######.#.### #.#...
#..H@#.# #.#.## #.##.#.# .. ....#
## #..#.# #..#.# #....# #.8# ####


You could see a minotaur.

Vanquished Creatures
  Harold (D:7)
  A boulder beetle (D:12)
  3 two-headed ogres
  The ghost of orehx the Destroyer, a novice OpCj of Gozag (D:8)
  An ugly thing (D:11)
  Maggie (D:7)
  An unseen horror (D:10)
  3 meliai (Gauntlet)
  Prince Ribbit (D:7)
  The ghost of Skimidon the Charlatan, an amateur GnAr (D:4)
  A hornet (D:10)
  2 shadows
  A wyvern (D:9)
  8 yaks
  4 steam dragons
  6 swamp worms (Gauntlet)
  3 water moccasins
  A black bear (D:8)
  5 orc warriors
  3 sky beasts
  3 ice beasts
  3 ogres
  3 centaurs
  3 kobold brigands
  3 bullfrogs (D:8)
  8 gnoll sergeants (Bailey)
  A scorpion (D:5)
  A water moccasin zombie (D:6)
  A water moccasin skeleton (D:5)
  9 wights
  5 howler monkeys
  A centaur zombie (D:5)
  An electric eel (D:8)
  A bullfrog zombie (D:6)
  2 jellies
  A centaur skeleton (D:6)
  3 orc priests
  Crazy Yiuf (D:7)
  A bullfrog skeleton (D:5)
  5 hounds
  6 gnoll shamans (Bailey)
  9 orc wizards
  A killer bee zombie (D:8)
  A mummy (D:5)
  A howler monkey zombie (D:7)
  17 gnolls
  7 adders
  2 river rats (Sewer)
  5 worms
  2 dart slugs
  24 orcs
  4 ball pythons
  5 endoplasms
  6 giant cockroaches
  11 goblins
  7 hobgoblins
  An iguana (D:8)
  11 jackals
  6 bats
  6 frilled lizards
  22 kobolds
  9 rats
267 creatures vanquished.

Vanquished Creatures (others)
  5 fungi
  24 plants
29 creatures vanquished.

Grand Total: 296 creatures vanquished

Notes
Turn   | Place    | Note
-------+----------+-------------------------------------------
     0 | D:1      | Crownlay the Minotaur Berserker began the quest for the
                  | Orb.
     0 | D:1      | Reached XP level 1. HP: 19/19 MP: 0/0
   185 | D:1      | Reached XP level 2. HP: 15/28 MP: 1/1
   688 | D:1      | Reached skill level 5 in Fighting
   693 | D:1      | Reached ** piety under Trog
   835 | D:1      | Reached XP level 3. HP: 36/36 MP: 2/2
  1197 | D:2      | Found a faded altar of an unknown god.
  1337 | D:2      | Reached XP level 4. HP: 40/44 MP: 3/3
  2093 | D:3      | Found a glowing drain.
  2121 | Sewer    | Entered a sewer
  2250 | Sewer    | Noticed a kobold brigand
  2257 | Sewer    | Reached XP level 5. HP: 51/51 MP: 4/4
  2291 | Sewer    | Found a glowing silver altar of Zin.
  2693 | D:3      | Found a shimmering blue altar of Sif Muna.
  2707 | D:3      | You fall into a shaft and drop 3 floors!
  2801 | D:6      | Reached XP level 6. HP: 61/61 MP: 5/5
  2829 | D:6      | Noticed an ice beast
  2854 | D:6      | Killed an ice beast
  3042 | D:6      | Reached XP level 7. HP: 71/71 MP: 6/6
  3137 | D:6      | Reached skill level 10 in Fighting
  3351 | D:5      | Entered Level 5 of the Dungeon
  3481 | D:5      | Reached skill level 5 in Armour
  3524 | D:5      | Reached XP level 8. HP: 55/79 MP: 7/7
  3697 | D:5      | Found Jeketr Vatu's General Store.
  3710 | D:5      | Bought a scroll of identify for 22 gold pieces
  3973 | D:5      | Found a snail-covered altar of Cheibriados.
  4221 | D:4      | Found a staircase to the Ecumenical Temple.
  4444 | D:3      | Found an ancient bone altar of Kikubaaqudgha.
  4925 | D:4      | Found a large runed translucent door.
  4927 | D:4      | Found a large runed translucent door.
  4931 | D:4      | Noticed Skimidon's ghost (amateur GnAr)
  4959 | D:4      | Killed Skimidon's ghost
  5052 | D:4      | Reached *** piety under Trog
  5839 | D:7      | Reached skill level 10 in Armour
  5839 | D:7      | Reached skill level 1 in Throwing
  6322 | D:7      | Reached XP level 9. HP: 79/85 MP: 8/8
  6468 | D:7      | Found Bowon's Armour Shop.
  6553 | D:7      | Noticed Harold
  6567 | D:7      | Killed Harold
  6620 | D:7      | Noticed Maggie
  6626 | D:7      | Killed Maggie
  7200 | D:7      | Found a radiant altar of Vehumet.
  7275 | D:7      | Noticed Prince Ribbit
  7278 | D:7      | Killed Prince Ribbit
  7378 | D:7      | Found a runed translucent door.
  7379 | D:7      | Noticed Crazy Yiuf
  7388 | D:7      | Killed Crazy Yiuf
  7679 | D:8      | Reached XP level 10. HP: 93/93 MP: 9/9
  7757 | D:8      | Noticed orehx's ghost (novice OpCj)
  7794 | D:8      | Found an opulent altar of Gozag.
  7806 | D:8      | Identified the +9 flail of Rurhof {speed, rN+ Will++ Dex-2
                  | SInv}
  7846 | D:8      | Found a transporter.
  7995 | D:8      | Reached skill level 1 in Evocations
  8161 | D:8      | Found a shimmering altar of Xom.
  8397 | D:8      | Noticed a moth of wrath
  8403 | D:8      | Found a bloodstained altar of Trog.
  8463 | D:8      | Found a transporter.
  8495 | D:8      | Killed orehx's ghost
  8496 | D:8      | Reached skill level 10 in Throwing
  9172 | D:9      | Reached skill level 5 in Evocations
  9407 | D:9      | Found Nuorivomioto's Assorted Antiques.
  9560 | D:9      | Bought a scroll of identify for 52 gold pieces
  9560 | D:9      | Bought a scroll of identify for 52 gold pieces
  9560 | D:9      | Bought a scroll of identify for 52 gold pieces
  9560 | D:9      | Bought a scroll labelled FALUEKLIKANK for 26 gold pieces
  9560 | D:9      | Bought a scroll of identify for 52 gold pieces
  9887 | D:9      | Noticed a two-headed ogre
  9892 | D:9      | Killed a two-headed ogre
 10114 | D:9      | Reached XP level 11. HP: 82/99 MP: 10/10
 10416 | D:10     | Entered Level 10 of the Dungeon
 10431 | D:10     | Found a flagged portal.
 10432 | D:10     | Reached **** piety under Trog
 10495 | Bailey   | Entered a bailey
 11411 | D:10     | Found a staircase to the Lair.
 11973 | D:10     | Noticed a two-headed ogre
 12028 | D:10     | Killed a two-headed ogre
 12746 | D:11     | Noticed a purple ugly thing
 12754 | D:11     | Killed a purple ugly thing
 12928 | D:11     | Found a glowing golden altar of the Shining One.
 13168 | D:11     | Noticed a two-headed ogre
 13173 | D:11     | Killed a two-headed ogre
 13589 | D:12     | Noticed a boulder beetle
 13600 | D:12     | Killed a boulder beetle
 13601 | D:12     | Reached skill level 10 in Evocations
 13636 | D:12     | Found a gate leading to a gauntlet.
 13644 | Gauntlet | Entered a Gauntlet
 13644 | Gauntlet | Found a transporter.
 13680 | Gauntlet | Found a transporter.
 13695 | Gauntlet | Found a transporter.
 13698 | Gauntlet | Noticed a wretched star
 13700 | Gauntlet | Found a transporter.
 13715 | Gauntlet | Found a transporter.
 13734 | Gauntlet | Found a transporter.
 13736 | Gauntlet | Found the +1 cloak of Starlight {*Dazzle EV+4 Stlth--}
 13742 | Gauntlet | Noticed a large abomination
 13746 | Gauntlet | Found a transporter.
 13756 | Gauntlet | Noticed a dire elephant
 13758 | Gauntlet | Found a transporter.
 13766 | Gauntlet | Found a large runed translucent door.
 13766 | Gauntlet | Noticed an eight-headed hydra
 13767 | Gauntlet | Found a large runed translucent door.
 13768 | Gauntlet | Found a large runed translucent door.
 13768 | Gauntlet | Found a large runed translucent door.
 13769 | Gauntlet | Found a runed translucent gate.
 13770 | Gauntlet | Found a transporter.
 13770 | Gauntlet | Found a runed translucent gate.
 13771 | Gauntlet | Found a runed translucent gate.
 13772 | Gauntlet | Found a large runed translucent door.
 13772 | Gauntlet | Found a large runed translucent door.
 13773 | Gauntlet | Found a large runed translucent door.
 13774 | Gauntlet | Found a large runed translucent door.
 13785 | Gauntlet | Found a transporter.
 13799 | Gauntlet | Found a transporter.
 13813 | Gauntlet | Found a large runed translucent door.
 13814 | Gauntlet | Found a large runed translucent door.
 13815 | Gauntlet | Found a large runed translucent door.
 13815 | Gauntlet | Found a large runed translucent door.
 13816 | Gauntlet | Found a runed translucent door.
 13817 | Gauntlet | Found a transporter.
 13818 | Gauntlet | Found a runed translucent door.
 13819 | Gauntlet | Found a large runed translucent door.
 13819 | Gauntlet | Found a transporter.
 13819 | Gauntlet | Found a large runed translucent door.
 13820 | Gauntlet | Found a large runed translucent door.
 13824 | Gauntlet | Noticed a soul eater
 13846 | Gauntlet | Found a transporter.
 13846 | Gauntlet | Found a transporter.
 13866 | Gauntlet | Found a transporter.
 13944 | Gauntlet | Found a transporter.
 13966 | Gauntlet | Found a transporter.
 13982 | Gauntlet | Found a large runed translucent door.
 14714 | Gauntlet | Reached skill level 5 in Dodging
 15008 | Gauntlet | Identified the +1 pair of gloves of the Other World {-Tele
                  | rPois SInv}
 15011 | Gauntlet | Identified the +8 scimitar of Duty {freeze, rElec rC-
                  | Str+2}
 15025 | Gauntlet | Identified the +7 great mace of Inquiry {speed, Int+7}
 15025 | Gauntlet | Noticed a minotaur
 15034 | Gauntlet | Demolished by a minotaur

Illustrated notes

Levels and vault maps discovered:
D:1:      minmay_arrival_nine_rooms, layout_loops_ring, minmay_misc_feat_roman,
          serial_park_tiny_2, minmay_vboxes
D:2:      layout_loops_cross, shapermc_ecumenical_altar_mp_highgroup,
          chequers_serial_rivers_micro_d
D:3:      layout_rooms, nicolae_kikubaaqudgha_miasma_corner,
          nicolae_sif_muna_little_library, cheibrodos_sewer_entry_bend,
          minmay_circle_x
D:4:      layout_gridville, minmay_temple_entry_sparse_star,
          ebering_ghost_disaster_area
D:5:      layout_basic, chei_slow_surprise, kennysheep_small_circle
D:6:      layout_basic, chequers_garden
D:7:      layout_basic, mainiacjoe_overflow_chevrons, serial_shops,
          nicolae_shop_waterfront, grunt_ministairs_5,
          hangedman_abyss_or_decor_passed, feat_on_display, uniq_maggie,
          uniq_harold, uniq_crazy_yiuf_cottage, uniq_prince_ribbit1
D:8:      layout_rooms, tgw_trog, nicolae_gozag_seed_capital, dk_xom_monty_hall,
          gammafunk_ghost_arena, serial_bayou, serial_bayou_lagoon_a,
          serial_bayou_shore_b, serial_bayou_pond_d, serial_bayou_pond_a,
          serial_bayou_ford_a, serial_bayou_pond_e, minmay_misc_feat_cross,
          grunt_ministairs_8
D:9:      layout_layer_cave, serial_shops, shop
D:10:     layout_long_grid, dpeg_oklobed_lair, serial_co_window_serial,
          co_window_corner_a, co_window_paths_a, co_window_of_opportunity_a,
          co_window_paths_a, co_window_corner_a, co_window_corner_b,
          co_window_of_opportunity_c, co_window_corner_ca, co_window_cross_2,
          co_window_corner_b, glass_columns_a, glass_columns_a, glass_columns_a,
          glass_columns_a, enter_bailey_3
D:11:     layout_irregular_city, nicolae_tso_carved_into_rock
D:12:     layout_stronghold, david_orc_2, gauntlet_entry_generic
Gauntlet: gammafunk_gauntlet_one_two_three [gammafunk_gauntlet_arena_teeth,
          gammafunk_gauntlet_arena_corners, nicolae_gauntlet_swirl,
          nicolae_gauntlet_arena_flowing_pool, nicolae_gauntlet_arena_t_cross,
          nicolae_gauntlet_arena_blocks, gammafunk_gauntlet_arena_hedges,
          minmay_gauntlet_arena_make_your_own_arena,
          gammafunk_gauntlet_arena_spirals,
          nicolae_gauntlet_exit_dead_adventurers]

Skill      XL: |  1  2  3  4  5  6  7  8  9 10 11 |
---------------+----------------------------------+-----
Fighting       | 4 5 6 8 9 10 | 10.0
Armour         | 6 10 | 10.0
Throwing       | 3 9 10 | 10.0
Evocations     | 7 10 | 10.0
Dodging        | 5 |  5.7
Long Blades    | |  3.6

Action                   |  1- 3 |  4- 6 |  7- 9 | 10-12 || total
-------------------------+-------+-------+-------+-------++-------
Melee: Falchion          |    67 |   125 |   203 |     9 ||   404
       Headbutt          |    15 |    22 |    44 |    65 ||   146
       Flail             |       |       |       |   219 ||   219
       War axe           |       |       |       |     8 ||     8
       Scimitar          |       |       |       |     4 ||     4
Throw: Dart              |       |     6 |    59 |    11 ||    76
       Throwing net      |       |     1 |       |       ||     1
       Javelin           |       |       |    30 |    65 ||    95
Invok: Trog's Hand       |       |     5 |     6 |    12 ||    23
       Berserk           |       |     5 |     4 |     8 ||    17
  Use: Scroll            |       |     3 |     4 |     9 ||    16
       Potion            |       |     1 |       |       ||     1
 Stab: Sleeping          |     1 |       |       |       ||     1
Armor: Animal skin       |    17 |    12 |       |       ||    29
       Ring mail         |       |    36 |   103 |   114 ||   253
Dodge: Dodged            |    53 |    65 |    92 |   193 ||   403
       Rpst.: Falchion   |    13 |    15 |    35 |       ||    63
